 Dungeon Crawl Stone Soup version 0.26.0-16-gc1dbca0489 (webtiles) character file.

Game seed: 634196226937771773

455 xSliceyx the Chiller (level 6, -1/45 HPs)
             Began as a Draconian Ice Elementalist on Jan 19, 2021.
             Slain by a white imp (2 damage)
             ... on level 3 of the Dungeon.
             The game lasted 00:16:03 (4106 turns).

xSliceyx the Chiller (Draconian Ice Elementalist)   Turns: 4106, Time: 00:16:04

Health: -1/45      AC:  2    Str: 11    XL:     6   Next: 76%
Magic:  10/12      EV: 12    Int: 16    God:
Gold:   230        SH:  0    Dex: 12    Spells: 6/13 levels left

rFire    . . .     SeeInvis .   n - +0 short sword
rCold    . . .     Faith    .   (no shield)
rNeg     . . .     Spirit   .   (armour unavailable)
rPois    .         Reflect  .   (helmet restricted)
rElec    .         Harm     .   (no cloak)
rCorr    .         Rampage  .   (no gloves)
Will     .....                  (no boots)
Stlth    ++........             (no amulet)
HPRegen  0.15/turn              m - -4 ring of protection (curse)
MPRegen  0.13/turn              (no ring)

@: slowed, very slow
A: unfitting armour, cold-blooded, AC +6
a: no special abilities


You were on level 3 of the Dungeon.
You visited 1 branch of the dungeon, and saw 3 of its levels.
You also visited: Sewer.

You collected 230 gold pieces.

Inventory:

Hand Weapons
 n - a +0 short sword (weapon)
Missiles
 p - 5 poisoned darts (quivered)
Armour
 j - a +0 buckler
Jewellery
 m - a cursed -4 ring of protection (left hand)
Wands
 f - a wand of paralysis (5)
Scrolls
 a - a scroll of blinking {unknown}
 i - a scroll of teleportation
 o - a scroll of enchant weapon {unknown}
Potions
 b - 2 potions of ambrosia
 c - a potion of berserk rage {unknown}
 d - a potion of attraction {unknown}
 e - a potion of heal wounds {unknown}
 g - a potion of degeneration {unknown}
 h - a potion of mutation {unknown}
 k - a potion of cancellation {unknown}
 l - 2 potions of curing {unknown}


   Skills:
 - Level 2.0 Dodging
 - Level 1.7 Stealth
 + Level 2.8 Shields
 + Level 4.4 Spellcasting
 + Level 6.0 Ice Magic


You had 6 spell levels left.
You knew the following spells:

 Your Spells              Type           Power        Failure   Level
a - Freeze                Ice            88%          1%          1
b - Frozen Ramparts       Ice            44%          4%          3
c - Ozocubu's Armour      Ice            22%          4%          3

Your spell library contained the following spells:

 Spells                   Type           Power        Failure   Level
 Hailstorm                Conj/Ice       13%          43%         4
 Summon Ice Beast         Ice/Summ       13%          43%         4


Dungeon Overview and Level Annotations

Branches:
Dungeon (3/15)              Sewer (visited)

Altars:
Cheibriados
Qazlal


Innate Abilities, Weirdness & Mutations

Your plain brown scales are hard. (AC +6)
You cannot fit into any form of body armour.
You are cold-blooded and may be slowed by cold attacks.


Message History

You hit the white imp but do no damage.
The white imp is lightly wounded.
You feel yourself speed up.
The white imp completely resists.
The wall freezes the white imp but does no damage.
The white imp hits you.
* * * LOW HITPOINT WARNING * * *
The white imp freezes you.
You feel yourself slow down.
* * * LOW HITPOINT WARNING * * *
The white imp completely resists.
The wall freezes the white imp but does no damage.
The white imp barely misses you.
You closely miss the white imp.
The white imp is lightly wounded.
The frozen ramparts melt away.
The white imp hits you.
* * * LOW HITPOINT WARNING * * *
The white imp freezes you.
* * * LOW HITPOINT WARNING * * *
The white imp hits you.
You die...

.# ###. #.. ### #.#
#.. #### ###.### #.#
..... #○...§# #.#
#.....#)....###.####
#.....5@._.........#
#.#####.....###.##.#
#....☼# #.# ###.###
#.# #.# #.# ..# #.#
.## #.# .. ##.# ##
#..#


You could see a white imp.

Vanquished Creatures
  2 bullfrogs (Sewer)
  A worker ant zombie (D:2)
  6 gnolls
  8 adders
  A river rat (D:3)
  7 oozes (Sewer)
  3 worms (D:3)
  3 dart slugs
  16 leopard geckos (Sewer)
  2 orcs (D:3)
  12 giant cockroaches
  9 goblins
  19 hobgoblins
  2 jackals (D:1)
  4 kobolds
  8 ball pythons (Sewer)
  5 bats
  13 frilled lizards
  8 rats
129 creatures vanquished.

Notes
Turn   | Place    | Note
-------+----------+-------------------------------------------
     0 | D:1      | xSliceyx the Draconian Ice Elementalist began the quest for
                  | the Orb.
     0 | D:1      | Reached XP level 1. HP: 14/14 MP: 3/3
   155 | D:1      | Reached XP level 2. HP: 11/20 MP: 1/5
   624 | D:1      | Reached XP level 3. HP: 21/26 MP: 1/7
  1477 | D:1      | Reached XP level 4. HP: 22/33 MP: 5/8
  1820 | D:1      | Learned a level 3 spell: Frozen Ramparts
  1824 | D:1      | Learned a level 3 spell: Ozocubu's Armour
  1990 | D:2      | Reached skill level 5 in Ice Magic
  2178 | D:2      | Found a snail-covered altar of Cheibriados.
  2393 | D:2      | Reached skill level 1 in Shields
  2393 | D:2      | Reached XP level 5. HP: 25/38 MP: 5/10
  2845 | D:3      | Found a glowing drain.
  2901 | Sewer    | Entered a sewer
  3506 | Sewer    | Reached XP level 6. HP: 45/45 MP: 8/12
  4051 | D:3      | Reached skill level 6 in Ice Magic
  4094 | D:3      | Found a stormy altar of Qazlal.
  4106 | D:3      | HP: 1/45 [white imp (4)]
  4106 | D:3      | Slain by a white imp

Illustrated notes

Levels and vault maps discovered:
D:1:      mrwooster_arrival_arrow, layout_basic, chequers_serial_rivers_small_b,
          interstate_on_off, amcnicky_mini_pool_small
D:2:      layout_rooms, kennysheep_slug_shrine
D:3:      layout_loops_ring, grunt_qazlal_clouds, general_overflow_altar,
          portal_sewer_entry_e

Skill      XL: |  1  2  3  4  5  6 |
---------------+-------------------+-----
Dodging        | 2 |  2.0
Spellcasting   | 3 4 |  4.4
Ice Magic      | 5 6 |  6.0
Shields        | 1 2 |  2.8
Stealth        | |  1.7

Action                   |  1- 3 |  4- 6 || total
-------------------------+-------+-------++-------
Melee: Dagger            |    31 |    25 ||    56
       Tailslap          |     3 |    10 ||    13
       Short sword       |       |    64 ||    64
Throw: Dart              |       |     1 ||     1
 Cast: Freeze            |    49 |    62 ||   111
       Frozen Ramparts   |       |    19 ||    19
  Use: Scroll            |       |     4 ||     4
 Stab: Sleeping          |     4 |     3 ||     7
Armor: Skin              |    13 |    16 ||    29
Dodge: Dodged            |    37 |   108 ||   145
